 Dungeon Crawl Stone Soup version 0.32-a0-391-gce5c0aab1b (webtiles) character file.

Game seed: 6954156534934883718

175 Zonian the Caller (level 5, 24/24 HPs)
             Began as a Felid Summoner on Feb 19, 2024.
             Was a Follower of Vehumet.
             Quit the game on level 3 of the Dungeon.
             The game lasted 00:06:33 (2732 turns).

Zonian the Caller (Felid Summoner)                  Turns: 2732, Time: 00:06:34

Health: 24/24      AC:  1    Str:  4    XL:     5   Next: 29%
Magic:  11/11      EV: 17    Int: 21    God:    Vehumet [*.....]
Gold:   156        SH:  0    Dex: 16    Spells: 8/11 levels left
                                        Lives:  1   Deaths: 1

rFire   . . .        (weapon unavailable)
rCold   . . .        (shield unavailable)
rNeg    . . .        (body armour unavailable)
rPois   .            (helmet unavailable)
rElec   .            (cloak unavailable)
rCorr   .            (gloves unavailable)
SInv    +            (boots unavailable)
Will    .....        (no amulet)
Stlth   ++           (no ring)
HPRegen 0.24/turn    (no ring)
MPRegen 0.12/turn

%: no passive effects
@: no status effects
A: very small, claws 1, fangs 3, see invisible, shaggy fur 1, stealthy paws, no
weapons or thrown items, no armour, multi-lived
a: Renounce Religion


You were on level 3 of the Dungeon.
You worshipped Vehumet.
Vehumet was aware of your devotion.
You visited 1 branch of the dungeon, and saw 3 of its levels.

You collected 156 gold pieces.


Innate Abilities, Weirdness & Mutations

You have sharp claws.
You have razor-sharp teeth.
You have supernaturally acute eyesight. (SInv)
You are covered in fur. (AC +1)
Your paws help you pounce on unaware monsters.
You are incapable of wielding weapons or throwing items.
You cannot wear armour.
You gain extra lives every three experience levels.


   Skills:
 - Level 2.6 Dodging
 - Level 2.6 Stealth
 + Level 3.9 Spellcasting
 + Level 5.4 Summonings


You had 8 spell levels left.
You knew the following spells:

 Your Spells              Type           Power      Damage    Failure   Level
a - Summon Small Mammal   Summ           100%       N/A       1%          1
b - Call Imp              Summ           54%        N/A       1%          2

Your spell library contained the following spells:

 Spells                   Type           Power      Damage    Failure   Level
 Sting                    Conj/Alch      16%        1d4       12%         1
 Call Canine Familiar     Summ           27%        N/A       3%          3
 Summon Blazeheart Golem  Fire/Summ      15%        N/A       36%         4
 Summon Lightning Spire   Summ/Air       15%        N/A       36%         4
 Olgreb's Toxic Radiance  Alch           4%         N/A       77%         4
 Ozocubu's Refrigeration  Ice            2%         4d7       100%        7
 Discord                  Hex            2%         N/A       100%        8

Inventory:

Scrolls
 b - a scroll of amnesia {unknown}
 d - a scroll of revelation {unknown}
 e - a scroll of fog {unknown}
 f - a scroll of immolation {unknown}
 h - a scroll of blinking {unknown}
Potions
 a - a potion of magic
 c - a potion of curing {@q1}
 g - a potion of mutation {!q}
 i - 2 potions of lignification {unknown}

Dungeon Overview and Level Annotations

Branches:
Dungeon (3/15) Zot: 21268

Altars:
Vehumet

... #....# .. #.## #.
.. .####.##.# .. .#
###.##r....# #.#.#
.#..#.####.# ###
##.#.# ##..#..## # #..
###....####...#.## #.#
#.............#<# #.#
#.#>..####^@.##.# #.##
#.##......^^.##.#
...###.##..#####..##..
....##..#............#
......§.....####.###.#
≈.≈≈≈§≈.....# #.# #.#
≈.§###≈.....# #.# #.#
≈.≈# #§.#..## #.. ≈.≈#
#≈.#..# ##


There were no monsters in sight!


Message History

Robin barely misses your cerulean imp.
Unknown command.
Your bat barely misses Robin.
The goblin shoots a sling bullet.
The sling bullet closely misses you.
Your cerulean imp hits Robin with a -2 spear.
Robin closely misses you.
A goblin comes into view. It is wielding a +0 club.
Your bat hits Robin. You scratch Robin.
You kill Robin!
Your bat closely misses the goblin.
Your bat barely misses the goblin.
Your bat hits the goblin. The goblin barely misses your bat.
The goblin shoots a sling bullet.
The sling bullet barely misses you.
Your cerulean imp barely misses the goblin.
Your bat hits the goblin. 😕 HP[+1] Unknown command.
A goblin comes into view. It is wielding a +0 dagger.
Your bat closely misses the goblin. x2; The goblin misses you.
Your cerulean imp hits the goblin from afar with a -2 spear.
The goblin dies!
Items here: ))) [[ ††.
A goblin comes into view. It is wielding a +0 club.
Your bat closely misses the goblin.
The goblin shoots a sling bullet.
The sling bullet completely misses you.
You see here a +0 club {mace}.
Unknown command.
You closely miss the goblin. Your bat hits the goblin.
Your bat barely misses the goblin.
The goblin shoots a sling bullet.
The sling bullet barely misses your bat.
The sling bullet closely misses you.
Your cerulean imp misses the goblin.
Your bat misses the goblin. The goblin closely misses your bat.
Unknown command.
You scratch the goblin.
You kill the goblin!
Your bat hits the goblin. x3
The goblin dies!
The goblin hits your bat with a +0 dagger.
Your bat barely misses the goblin.
Your bat misses the goblin.
Your cerulean imp hits the goblin from afar with a -2 spear.
The goblin hits your bat but does no damage.
You see here a +0 club {mace}. 😎 HP[+1]
Your hp is fully restored (24).
Unknown command.
Your bat barely misses the goblin. x2
Your cerulean imp hits the goblin from afar with a -2 spear.
The goblin dies! 😎 MP[+1] Unknown command.
Your bat disappears in a puff of smoke!
Your bat closely misses the goblin.
Your cerulean imp misses the goblin. 😎 MP[-1]
You lost 1 mp, and now have 6/11 mp.
Unknown command.
Your rat disappears in a puff of smoke!
Your bat barely misses the goblin.
Your cerulean imp hits the goblin but does no damage.
The goblin hits your quokka with a +0 club. 😎 MP[-1]
You lost 1 mp, and now have 5/11 mp.
Unknown command.
Your bat closely misses the goblin.
Your cerulean imp closely misses the goblin.
Your quokka bites the goblin.
The goblin dies!
Your bat closely misses the goblin.
Your bat barely misses the goblin.
Your cerulean imp closely misses the goblin.
Your quokka barely misses the goblin.
Your bat closely misses the goblin.
The goblin barely misses your quokka.
Unknown command.
Your bat hits the goblin.
Your bat closely misses the goblin.
Your cerulean imp hits the goblin from afar with a -2 spear.
Your quokka bites the goblin.
The goblin dies!
Unknown command.
Your cerulean imp disappears in a puff of smoke!
Your quokka disappears in a puff of smoke!
Your bat disappears in a puff of smoke!
Key pressed, stopping explore.
You pick up the Unrestrained Analects and begin reading...
You add the spells Olgreb's Toxic Radiance, Ozocubu's Refrigeration and Discord to your library. 😎 MP[+6]
Your mp is fully restored (11).
Unknown command.
Found a stone staircase leading down.
d - a scroll labelled BAGEF XIUW Unknown command.
Found a faded altar of an unknown god.
Unknown command.
You pick your way through the web.
There is a web here.
There is a faded altar of an unknown god here.
This altar belongs to (a) Vehumet, (b) Jiyva or (c) Makhleb, but you can't tell which.
Press the corresponding letter to learn more about a god, or press enter to convert or escape to cancel.
Vehumet accepts your prayer! Vehumet welcomes you!
You can now gain magical power from killing.
Vehumet offers you knowledge of Sting.
Are you sure you want to abandon this character and quit the game? (Confirm with "yes".)

Skill      XL: |  1  2  3  4 |
---------------+-------------+-----
Spellcasting   | 3 |  3.9
Summonings     | 5 |  5.4
Dodging        | |  2.6
Stealth        | |  2.6

Action                     |  1- 3 |  4- 6 || total
---------------------------+-------+-------++-------
  Melee: Unarmed           |    49 |    35 ||    84
         Bite              |     5 |     3 ||     8
         Punch             |     2 |     1 ||     3
   Cast: Summon Small Mamm |    65 |    44 ||   109
         Call Imp          |       |     3 ||     3
    Use: Scroll            |       |     3 ||     3
 Armour: Skin              |    28 |    15 ||    43
  Dodge: Dodged            |    82 |    38 ||   120

Levels and vault maps discovered:
D:1:      psy_arrival_heroes, layout_basic
D:2:      layout_loops_ring, minmay_tripent, uniq_jessica
D:3:      layout_loops_ring, ebering_ecumenical_altar_webs, kennysheep_boxes,
          uniq_grinder, uniq_ijyb, uniq_robin, uniq_natasha

Notes
Turn   | Place    | Note
-------+----------+-------------------------------------------
     0 | D:1      | Zonian the Felid Summoner began the quest for the Orb.
     0 | D:1      | Reached XP level 1. HP: 9/9 MP: 4/4
     0 | D:1      | magus.rc [v1.9.6]
   187 | D:1      | Reached XP level 2. HP: 6/13 MP: 3/6
   633 | D:1      | Reached XP level 3. HP: 10/16 MP: 4/8
   911 | D:1      | Reached skill level 3 in Spellcasting
  1207 | D:1      | Learned a level 2 spell: Call Imp
  1564 | D:2      | Reached XP level 4. HP: 21/21 MP: 7/9
  1564 | D:2      | Gained a life (2 lives remaining)
  1673 | D:2      | Reached skill level 5 in Summonings
  1934 | D:2      | Noticed Jessica
  1950 | D:2      | Slain by Jessica
  1950 | D:2      | Lost a life (1 life remaining)
  2075 | D:2      | Killed Jessica
  2401 | D:3      | Reached XP level 5. HP: 19/24 MP: 8/11
  2585 | D:3      | Noticed Robin
  2604 | D:3      | Killed Robin
  2693 | D:3      | You add the spells Olgreb's Toxic Radiance, Ozocubu's
                  | Refrigeration and Discord to your library.
  2723 | D:3      | Found a faded altar of an unknown god.
  2731 | D:3      | Prayed at the altar of an unknown god.
  2731 | D:3      | Became a worshipper of Vehumet
  2731 | D:3      | Reached * piety under Vehumet
  2731 | D:3      | Offered knowledge of Sting by Vehumet.
  2732 | D:3      | Quit the game

Vanquished Creatures
  Robin (D:3)
  A bat (D:1)
  An endoplasm (D:2)
  A giant cockroach (D:1)
  2 goblins
  A hobgoblin (D:2)
  2 jackals (D:1)
  3 rats
12 creatures vanquished.

Vanquished Creatures (collateral kills)
  Jessica (D:2)
  A gnoll (D:1)
  2 adders
  4 dart slugs
  5 ball pythons
  2 giant cockroaches
  3 hobgoblins
  4 bats
  3 frilled lizards (D:1)
  17 goblins
  2 kobolds (D:1)
  3 rats
47 creatures vanquished.

Grand Total: 59 creatures vanquished

Table legend:
 A = Non-vault XP
 B = Vault XP
 C = Vault XP percentage of total XP
 D = Non-vault monster count
 E = Vault monster count
 F = Vault count percentage of total count
                 A         B        C        D         E       F
            +---------+---------+-------+---------+---------+-------
      Total |     156 |      94 |  37.6 |      43 |      16 |  27.1
            +---------+---------+-------+---------+---------+-------
        D:1 |      93 |       0 |   0.0 |      29 |       0 |   0.0
        D:2 |      44 |      45 |  50.6 |      11 |       3 |  21.4
        D:3 |      19 |      49 |  72.1 |       3 |      13 |  81.2
            +---------+---------+-------+---------+---------+-------

Skill      XL: |  1  2  3  4 |
---------------+-------------+-----
Spellcasting   | 3 |  3.9
Summonings     | 5 |  5.4
Dodging        | |  2.6
Stealth        | |  2.6

Action                     |  1- 3 |  4- 6 || total
---------------------------+-------+-------++-------
  Melee: Unarmed           |    49 |    35 ||    84
         Bite              |     5 |     3 ||     8
         Punch             |     2 |     1 ||     3
   Cast: Summon Small Mamm |    65 |    44 ||   109
         Call Imp          |       |     3 ||     3
    Use: Scroll            |       |     3 ||     3
 Armour: Skin              |    28 |    15 ||    43
  Dodge: Dodged            |    82 |    38 ||   120

Illustrated notes

Table legend:
 A = Kills in this place as a percentage of kills in the entire game.
 B = Kills by you in this place as a percentage of kills by you in the entire game.
 C = Kills by friends in this place as a percentage of kills by friends in the entire game.
 D = Other kills in this place as a percentage of other kills in the entire game.
 E = Experience gained in this place as a percentage of experience gained in the entire game.
 F = Experience gained in this place divided by the number of levels of this place that you have seen.
                   A       B       C       D       E      F
               +-------+-------+-------+-------+-------+----------------------
         Total | 100.0 | 100.0 | 100.0 |   N/A | 100.0 |  83.3
       Dungeon | 100.0 | 100.0 | 100.0 |   N/A | 100.0 |  83.3
               +-------+-------+-------+-------+-------+----------------------

Table legend: (Time is in decaauts)
 A = Elapsed time spent in this place.
 B = Non-inter-level travel time spent in this place.
 C = Inter-level travel time spent in this place.
 D = Time resting spent in this place.
 E = Time spent auto-exploring this place.
 F = Levels seen in this place.
 G = Mean time per level.
                   A        B        C        D        E       F      G
               +--------+--------+--------+--------+--------+-----+--------+
         Total |   2731 |   2683 |     48 |    298 |   1838 |   3 |  910.3 |
       Dungeon |   2731 |   2683 |     48 |    298 |   1838 |   3 |  910.3 |
               +--------+--------+--------+--------+--------+-----+--------+

Top non-repeatable levels by time:
     D:1: 1431 daAuts
     D:2: 955 daAuts
     D:3: 344 daAuts
